 Dungeon Crawl Stone Soup version 0.31.0-32-g396128a36d (webtiles) character file.

Game seed: 11240745062773401821

10173 spaghetti the Summoner (level 11, -3/135 HPs)
             Began as a Naga Chaos Knight on Mar 9, 2024.
             Was a Plaything of Xom.
             Slain by a skeletal warrior
             ... wielding a +0 war axe
              (9 damage)
             ... on level 11 of the Dungeon.
             The game lasted 00:13:41 (9677 turns).

spaghetti the Summoner (Naga Chaos Knight)          Turns: 9677, Time: 00:13:42

Health: -3/135     AC: 25    Str: 13    XL:     11   Next: 58%
Magic:  15/23      EV:  1    Int: 26    God:    Xom [...*..]
Gold:   1218       SH:  5    Dex: 13    Spells: 26/32 levels left

rFire   . . .        a - +0 short sword (chaos)
rCold   . . .        (no shield)
rNeg    . . .        C - melded +2 robe {Will+}
rPois   +            (helmet currently unavailable)
rElec   .            y - melded +0 cloak
rCorr   .            x - melded +2 pair of gloves {hurl}
SInv    +            (no barding)
Will    +....        u - amulet of reflection
Stlth   ++++         e - ring of wizardry
HPRegen 0.42/turn    o - +6 ring of intelligence
MPRegen 0.18/turn

%: reflection, wizardry (x1)
@: mighty, tree-form
A: stationary, stasis, torment immunity, boosted hp, AC +3, large, see
invisible, (deformed body), (poison resistance), (slowness 2), spit poison 2,
(naga tail 1), (iridescent scales 1), agile 1, clever 1, (cold resistance 1),
low MP 1, sense surroundings 1, screaming 1, wild magic 2
a: Breathe Poison Gas, Renounce Religion


You were on level 11 of the Dungeon.
You worshipped Xom.
You were a favourite toy of Xom.
You were a tree.
You visited 1 branch of the dungeon, and saw 12 of its levels.

You collected 1218 gold pieces.

Inventory:

Hand Weapons
 a - a +0 short sword of chaos (weapon)
 n - a +0 short sword of holy wrath
 A - a +4 trident of draining
Armour
 b - a +2 leather armour
 x - a +2 pair of gloves of hurling (melded)
 y - a +0 cloak (melded)
 B - an orb of energy
 C - a +2 robe of willpower (melded)
Jewellery
 c - an amulet of regeneration
 d - a +6 ring of intelligence
 e - a ring of wizardry (left branch)
 f - a +4 ring of slaying
 g - a ring of positive energy
 h - a ring of ice
 m - a ring of magical power
 o - a +6 ring of intelligence (right branch)
 u - an amulet of reflection (around neck)
Wands
 q - a wand of quicksilver (16)
 s - a wand of roots (12)
 t - a wand of paralysis (24)
Scrolls
 i - 4 scrolls of noise
 k - 4 scrolls of immolation
 l - 2 scrolls of amnesia
 D - 2 scrolls of teleportation
 E - a scroll of fog
Potions
 j - 4 potions of magic
 p - a potion of attraction
 v - 2 potions of brilliance
 w - a potion of enlightenment
 F - a potion of mutation
Miscellaneous
 r - a phantom mirror (inert)


   Skills:
 - Level 3.0 Fighting
 - Level 3.0 Short Blades
 - Level 1.5 Armour
 - Level 0.7 Dodging
 - Level 10.0 Stealth
 + Level 11.1 Spellcasting
 + Level 11.5 Summonings


You had 26 spell levels left.
You knew the following spells:

 Your Spells              Type           Power      Damage    Failure   Level
a - Summon Cactus Giant   Summ           44%        N/A       5%          6

Your spell library contained the following spells:

 Spells                   Type           Power      Damage    Failure   Level
 Apportation              Tloc           46%        N/A       4%          1
 Jinxbite                 Hex            46%        N/A       6%          2
 Scorch                   Fire           46%        2d6       6%          2
 Fugue of the Fallen      Necr           23%        N/A       10%         3
 Ozocubu's Armour         Ice            23%        N/A       10%         3
 Animate Dead             Necr           23%        N/A       26%         4
 Flame Wave               Conj/Fire      23%        2d8       26%         4
 Manifold Assault         Tloc           23%        N/A       26%         4
 Alistair's Intoxication  Alch           15%        N/A       54%         5
 Borgnjor's Vile Clutch   Necr/Erth      11%        N/A       54%         5
 Death Channel            Necr           11%        N/A       96%         6


Dungeon Overview and Level Annotations

Branches:
Dungeon (12/15)            Temple (0/1) D:5            Lair (0/5) D:10
    Orc: D:9-12

Altars:
Cheibriados
Elyvilon
Hepliaklqana
Kikubaaqudgha
Qazlal
Ru
Sif Muna
Uskayaw
Vehumet
Xom

Shops:
D:1 *   D:4 *   D:6 (   D:9 (

Annotations:
D:5 3 runed translucent doors, seawaffle's ghost, amateur TrSh


Innate Abilities, Weirdness & Mutations

You are a tree.
Your roots penetrate the ground, keeping you stationary.
You cannot be teleported.
You are immune to unholy pain and torment.
Your maximum health is greatly increased.
Your equipment is partially melded.
((Your serpentine skin is tough. (AC +3)))
You have supernaturally acute eyesight. (SInv)
((Armour fits poorly on your strangely shaped body.))
((Your system is resistant to poisons. (rPois)))
((You cover ground very slowly.))
You can exhale a cloud of poison.
((You have a snake-like lower body.))
((You are partially covered in iridescent scales. (AC +2)))
You are agile. (Dex +4, Str/Int -1)
Your mind is acute. (Int +4, Str/Dex -1)
((Your flesh is cold resistant. (rC+)))
Your magical capacity is low. (-10% MP)
You passively map a small area around you.
You occasionally shout uncontrollably at your foes.
Your spells are harder to cast, but more powerful.


Message History

Your +2 pair of gloves of hurling melds into your body.
Your +2 robe of willpower melds into your body.
Your aim is not that steady anymore.
You feel less strong-willed.
Your roots penetrate the ground.
The manticore bites you!
* * * LOW HITPOINT WARNING * * *
You block the manticore's attack. The manticore claws you.
* * * LOW HITPOINT WARNING * * *
Unknown command.
You barely miss the skeletal warrior.
The skeletal warrior is heavily damaged.
The manticore bites you!
* * * LOW HITPOINT WARNING * * *
The manticore claws you.
* * * LOW HITPOINT WARNING * * *
You block the manticore's attack.
The skeletal warrior unwields a +0 sling.
The skeletal warrior wields a +0 war axe.
The skeletal warrior hits you with a +0 war axe!!
You die... "That's my teddy bear, go get your own!"
Xom revives you!
Your cactus giant hits the manticore with a +0 giant spiked club!!
The manticore dies!
Okay, then.
Aiming: Paralyse
Press: ? - help, Shift-Dir - straight line, f/p - skeletal warrior
Aim: a skeletal warrior, wielding a +0 war axe (heavily damaged, chance to affect: 1%)
Okay, then.
Okay, then.
Okay, then.
It was a potion of mutation.
You feel extremely strange.
Your skin no longer functions as natural camouflage.
You feel clumsy.
Xom thinks this is hilarious!
The skeletal warrior hits you but does no damage.
It was a potion of might.
You feel very mighty all of a sudden.
Xom thinks this is hilarious!
The skeletal warrior hits you with a +0 war axe!
You die...

...........C.......#.....#
...................#.....#
............>......#.....#
....##....##.......#.....#
....##..[.##.......#.....#
...................#.....#
#..................#.....#
#.........##..C.z###....##
#...##....##....♣###....##
#...##....##.............#
#..........#.............#
#..........+.............#
#..........#..[..........#
#..........#.............#
##########################


You could see a skeletal warrior and a friendly cactus giant (summoned).

Vanquished Creatures
  A two-headed ogre (D:8)
  Jeremiah (D:7)
  2 trolls
  Sigmund (D:6)
  Duvessa (D:4)
  A sky beast (D:8)
  An orc warrior (D:8)
  An ogre (D:5)
  A boggart (D:11)
  3 centaurs
  2 phantoms
  4 bullfrogs
  A gnoll sergeant (D:10)
  3 scorpions
  5 wights
  A howler monkey (D:9)
  2 bombardier beetles
  3 hounds
  A jelly (D:6)
  3 orc priests
  5 iguanas
  8 orc wizards
  4 gnolls (D:4)
  7 adders
  4 white imps
  2 ufetubi (D:6)
  A dart slug (D:5)
  2 ribbon worms
  19 orcs
  6 ball pythons
  6 bats
  5 endoplasms
  3 giant cockroaches
  5 goblins
  5 hobgoblins
  3 quokkas
  4 frilled lizards
  12 kobolds
  6 rats
145 creatures vanquished.

Vanquished Creatures (collateral kills)
  A centaur warrior (D:11)
  A two-headed ogre (D:9)
  A manticore (D:11)
  A kobold demonologist (D:11)
  2 trolls
  A hornet (D:9)
  A slime creature (D:11)
  3 shadows
  Eustachio (D:4)
  A wraith (D:10)
  A hog (shapeshifter) (D:11)
  5 yaks (D:9)
  An acid dragon (D:9)
  A water moccasin (D:11)
  3 orc warriors
  An ice beast (D:7)
  A centaur (D:8)
  A bullfrog (D:8)
  5 wights (D:10)
  Dowan (D:4)
  5 killer bees
  3 howler monkeys (D:9)
  9 orc wizards
  3 gnolls (D:10)
  17 orcs
70 creatures vanquished.

Vanquished Creatures (others)
  An ogre mage (D:11)
  A dancing weapon (D:8)
  An ice beast (D:6)
  An adder (D:5)
  An orc (D:8)
5 creatures vanquished.

Grand Total: 220 creatures vanquished

Notes
Turn   | Place    | Note
-------+----------+-------------------------------------------
     0 | D:1      | spaghetti the Naga Chaos Knight began the quest for the
                  | Orb.
     0 | D:1      | Reached XP level 1. HP: 21/21 MP: 1/1
    51 | D:1      | Reached skill level 1 in Stealth
   131 | D:1      | Reached XP level 2. HP: 25/28 MP: 2/2
   262 | D:1      | XOM: silly message
   282 | D:1      | XOM: divination: detect items
   367 | D:1      | Found Fyehul's Assorted Antiques.
   490 | D:1      | XOM: noise
   501 | D:1      | Reached XP level 3. HP: 33/34 MP: 3/3
   627 | D:2      | Found a faded altar of an unknown god.
   829 | D:2      | XOM: silly message
   926 | D:2      | Reached skill level 5 in Stealth
  1086 | D:2      | XOM: god gift: 24 gold pieces
  1259 | D:2      | XOM: silly message
  1431 | D:3      | Reached XP level 4. HP: 40/42 MP: 4/4
  1462 | D:3      | XOM: potion effect (berserk rage)
  1768 | D:3      | Reached XP level 5. HP: 49/49 MP: 5/5
  1934 | D:4      | Noticed Eustachio
  1958 | D:4      | Killed Eustachio
  1959 | D:4      | Reached XP level 6. HP: 23/56 MP: 6/6
  2032 | D:4      | Noticed Duvessa
  2032 | D:4      | Noticed Dowan
  2032 | D:4      | XOM: 1-stop teleportation journey
  2037 | D:4      | XOM: give mutations
  2037 | D:4      | Gained mutation: You have an increased reservoir of magic.
                  | (+10% MP) [Xom's mischief]
  2037 | D:4      | Gained mutation: Your spells are a little harder to cast,
                  | but a little more powerful. [Xom's mischief]
  2037 | D:4      | Gained mutation: Your skin changes colour to match your
                  | surroundings (Stealth+). [Xom's mischief]
  2037 | D:4      | Killed Dowan
  2060 | D:4      | Killed Duvessa
  2061 | D:4      | Reached skill level 10 in Stealth
  2186 | D:4      | Reached XP level 7. HP: 58/62 MP: 11/11
  2245 | D:4      | Learned a level 6 spell: Summon Cactus Giant
  2315 | D:4      | Found Venwont's General Store.
  2365 | D:4      | Reached skill level 1 in Summonings
  2697 | D:4      | XOM: stat loss: -1 Dex (9/10)
  2699 | D:4      | XOM: give mutations
  2699 | D:4      | Gained mutation: You occasionally shout uncontrollably at
                  | your foes. [Xom's mischief]
  2699 | D:4      | Gained mutation: You are agile. (Dex +4, Str/Int -1) [Xom's
                  | mischief]
  2730 | D:4      | XOM: give mutations
  2730 | D:4      | Lost mutation: Your spells are a little harder to cast, but
                  | a little more powerful. [Xom's mischief]
  2730 | D:4      | Lost mutation: You are agile. (Dex +4, Str/Int -1) [Xom's
                  | mischief]
  2730 | D:4      | Gained mutation: You are partially covered in iridescent
                  | scales. (AC +2) [Xom's mischief]
  2730 | D:4      | Gained mutation: You can exhale a cloud of poison. [Xom's
                  | mischief]
  2864 | D:4      | XOM: noise
  3134 | D:5      | Entered Level 5 of the Dungeon
  3166 | D:5      | Noticed seawaffle's ghost (amateur TrSh)
  3167 | D:5      | Found a runed translucent gate.
  3168 | D:5      | Found a runed translucent gate.
  3169 | D:5      | Found a runed translucent gate.
  3393 | D:5      | Reached XP level 8. HP: 67/69 MP: 15/15
  3590 | D:5      | XOM: god gift: phantom mirror
  3765 | D:5      | Found a staircase to the Ecumenical Temple.
  3808 | D:5      | Found a radiant altar of Vehumet.
  3912 | D:6      | XOM: divine lightning
  3912 | D:6      | Noticed Sigmund
  3917 | D:6      | XOM: enchant monster (good)
  3919 | D:6      | Killed Sigmund
  3920 | D:6      | Reached skill level 5 in Spellcasting
  4173 | D:6      | Reached skill level 5 in Summonings
  4416 | D:6      | Found Legycs's Weapon Shoppe.
  4908 | D:7      | Reached XP level 9. HP: 75/75 MP: 19/19
  5061 | D:7      | XOM: scenery: summon butterflies
  5087 | D:7      | XOM: swap monsters
  5093 | D:7      | XOM: summons 9 friendly demons
  5140 | D:7      | XOM: fog
  5226 | D:7      | Noticed Jeremiah
  5239 | D:7      | Killed Jeremiah
  5382 | D:7      | XOM: divination: detect items
  5669 | D:7      | XOM: give mutations
  5669 | D:7      | Lost mutation: You have an increased reservoir of magic.
                  | (+10% MP) [Xom's mischief]
  5669 | D:7      | Gained mutation: Your flesh is cold resistant. (rC+) [Xom's
                  | mischief]
  5669 | D:7      | Gained mutation: You sometimes lose your temper in combat.
                  | [Xom's mischief]
  5669 | D:7      | Gained mutation: Your magical capacity is low. (-10% MP)
                  | [Xom's mischief]
  5864 | D:7      | XOM: give mutations
  5864 | D:7      | Gained mutation: You are agile. (Dex +4, Str/Int -1) [Xom's
                  | grace]
  5864 | D:7      | Lost mutation: You sometimes lose your temper in combat.
                  | [Xom's grace]
  5864 | D:7      | Gained mutation: You passively map a small area around you.
                  | [Xom's grace]
  5864 | D:7      | Gained mutation: Your spells are a little harder to cast,
                  | but a little more powerful. [Xom's grace]
  5916 | D:8      | XOM: enchant monster (bad)
  6274 | D:8      | XOM: 1-stop teleportation journey
  6320 | D:9      | Found Jackit's Weapon Boutique.
  6347 | D:8      | XOM: god gift: scroll of immolation
  6409 | D:8      | XOM: cloud trail
  6522 | D:8      | Identified the +10 giant spiked club "Somocs" {freeze,
                  | rElec}
  6661 | D:8      | Found a white marble altar of Elyvilon.
  6925 | D:8      | XOM: cloud trail
  6940 | D:8      | Noticed a two-headed ogre
  6940 | D:8      | XOM: 4-stop teleportation journey
  6947 | D:8      | Killed a two-headed ogre
  6948 | D:8      | Reached XP level 10. HP: 84/84 MP: 18/20
  7209 | D:8      | XOM: scenery: create altars
  7863 | D:9      | Noticed a two-headed ogre
  7865 | D:9      | XOM: polymorph cactus giant -> oklob plant
  7880 | D:9      | Killed a two-headed ogre
  7881 | D:9      | Reached skill level 10 in Summonings
  7965 | D:9      | Reached skill level 10 in Spellcasting
  7968 | D:9      | Reached XP level 11. HP: 90/90 MP: 16/22
  8192 | D:10     | Entered Level 10 of the Dungeon
  8218 | D:9      | XOM: scenery: summon butterflies
  8348 | D:10     | Found a snail-covered altar of Cheibriados.
  8351 | D:10     | Found an ancient bone altar of Kikubaaqudgha.
  8357 | D:10     | Found a shimmering blue altar of Sif Muna.
  8360 | D:10     | Found a hide-covered altar of Uskayaw.
  8363 | D:10     | Found a hazy altar of Hepliaklqana.
  8368 | D:10     | Found a stormy altar of Qazlal.
  8383 | D:10     | Found a staircase to the Lair.
  8455 | D:10     | XOM: god gift: 441 gold pieces
  8556 | D:10     | XOM: 1-stop teleportation journey
  8557 | D:10     | XOM: give mutations
  8557 | D:10     | Gained mutation: Your spells are harder to cast, but more
                  | powerful. [Xom's grace]
  8557 | D:10     | Gained mutation: You are very agile. (Dex +8, Str/Int -2)
                  | [Xom's grace]
  8557 | D:10     | Gained mutation: Your mind is acute. (Int +4, Str/Dex -1)
                  | [Xom's grace]
  8827 | D:10     | XOM: scenery: summon butterflies
  8896 | D:10     | Found a sacrificial altar of Ru.
  9284 | D:11     | XOM: summons 3 hostile demons
  9489 | D:11     | Noticed an ogre mage
  9489 | D:11     | Noticed a skeletal warrior
  9489 | D:11     | Noticed a centaur warrior
  9490 | D:11     | Noticed a tengu warrior
  9491 | D:11     | Noticed a cyclops
  9491 | D:11     | Noticed a skeletal warrior
  9492 | D:11     | a tengu warrior changed into a water moccasin
  9492 | D:11     | XOM: polymorph tengu warrior -> water moccasin
  9497 | D:11     | Killed an ogre mage
  9509 | D:11     | Killed a centaur warrior
  9659 | D:11     | Noticed a manticore
  9675 | D:11     | Xom revived you
  9675 | D:11     | Killed a manticore
  9676 | D:11     | Lost mutation: Your skin changes colour to match your
                  | surroundings (Stealth+). [potion of mutation]
  9676 | D:11     | Lost mutation: You are very agile. (Dex +8, Str/Int -2)
                  | [potion of mutation]
  9677 | D:11     | Slain by a skeletal warrior

Illustrated notes

Levels and vault maps discovered:
D:1:      minmay_arrival_cross, layout_rooms, serial_shops, shop
D:2:      layout_loops_ring, nicolae_ecumenical_pavilion
D:3:      layout_basic
D:4:      minmay_thinvault, layout_rooms, serial_shops,
          nicolae_shop_just_a_little_nook, uniq_duvessa, uniq_eustachio
D:5:      layout_basic, nicolae_vehumet_altar_sigil,
          minmay_temple_entry_drinking_statues, gammafunk_ghost_nasty_kobolds,
          minmay_misc_feat_doors, minivault_5, due_unseen_surprise
D:6:      layout_loops_corners, serial_shops, shop, kennysheep_generic_room_4,
          uniq_sigmund
D:7:      layout_basic, uniq_jeremiah
D:8:      layout_basic, elyvilon_altar_1, st_stairs_3
D:9:      layout_basic, serial_shops, shop
D:10:     layout_cave_pools, nicolae_overflow_hallway_of_the_gods,
          nicolae_ru_the_path_less_chosen, dpeg_oklobed_lair
D:11:     layout_gridville, minivault_28
D:12:     cheibrodos_lost_city_excavation, layout_basic, orc_0_dummy, drop_trap,
          nicolae_blasting_shop, nicolae_demonic_statue_gallery

Skill      XL: |  1  2  3  4  5  6  7  8  9 10 11 |
---------------+----------------------------------+-----
Stealth        | 2 4 5 7 9 10 | 10.0
Spellcasting   | 2 4 6 8 10 11 | 11.1
Summonings     | 3 5 8 10 11 | 11.5
Fighting       | |  3.0
Short Blades   | |  3.0
Armour         | |  1.5
Dodging        | |  0.7

Action                     |  1- 3 |  4- 6 |  7- 9 | 10-12 || total
---------------------------+-------+-------+-------+-------++-------
  Melee: Short sword       |   136 |    61 |   298 |   113 ||   608
         Punch             |     1 |     1 |     6 |     3 ||    11
   Cast: Summon Cactus Gia |       |       |       |    27 ||    27
Ability: Spit Poison       |     1 |     2 |       |       ||     3
         Breathe Poison Ga |       |       |    19 |     2 ||    21
  Evoke: Phantom mirror    |       |       |       |     1 ||     1
    Use: Potion            |     3 |     2 |     5 |     5 ||    15
         Scroll            |     3 |       |     6 |     2 ||    11
   Stab: Sleeping          |     6 |       |    13 |     1 ||    20
         Confused          |       |       |     2 |       ||     2
         Paralysed         |       |       |     3 |     1 ||     4
         Petrifying        |       |       |     1 |     1 ||     2
         Invisible         |       |       |     1 |       ||     1
 Armour: Leather armour    |    99 |    20 |   132 |       ||   251
         Skin              |       |    28 |       |     7 ||    35
         Robe              |       |       |    88 |   155 ||   243
  Dodge: Dodged            |    86 |    13 |   128 |    74 ||   301
  Block: Other             |       |       |    41 |    37 ||    78
         Reflection        |       |       |     2 |       ||     2
